TOP OF THE 1ST |
Chicago Hawks batting - Pitching for Seattle Aviators : RHP José Lucero
|
Pitching: RHP José Lucero
|
|
Batting: RHB Jorge Salgado
|
0-0: Called Strike 0-1: Swinging Strike 0-2: Strikes out swinging
|
Batting: LHB Jeff Simpson
|
0-0: Ground out 4-3 (Groundball, 4)
|
Batting: LHB Scott Janousek
|
0-0: Foul Ball, location: 2F 0-1: Called Strike 0-2: Ball 1-2: Foul Ball, location: 2F 1-2: Ball 2-2: Ball 3-2: Fly out, F5 (Line Drive, 5L)
|
Top of the 1st over - 0 runs, 0 hits, 0 errors, 0 left on base; Chicago 0 - Seattle 0 |
BOTTOM OF THE 1ST |
Seattle Aviators batting - Pitching for Chicago Hawks : LHP Miguel López
|
Pitching: LHP Miguel López
|
|
Batting: SHB Nuygen Vuong
|
0-0: Ball 1-0: Foul Ball, location: 2F 1-1: Called Strike 1-2: Ball 2-2: Ball 3-2: Ground out 6-3 (Groundball, 6M)
|
Batting: RHB Alfredo Méndez
|
0-0: Fly out, F8 (Flyball, 8RM)
|
Batting: RHB John Downing
|
0-0: Foul Ball, location: 2F 0-1: Ball 1-1: Foul Ball, location: 2F 1-2: Fly out, F3 (Line Drive, 34)
|
Bottom of the 1st over - 0 runs, 0 hits, 0 errors, 0 left on base; Chicago 0 - Seattle 0 |
TOP OF THE 2ND |
Chicago Hawks batting - Pitching for Seattle Aviators : RHP José Lucero
|
Batting: RHB Cam MacIntosh
|
0-0: Ball 1-0: Ball 2-0: Ball 3-0: Called Strike 3-1: SINGLE (Flyball, 78M)
|
Batting: RHB Paddy Hodnett
|
0-0: Ball 1-0: Ball 2-0: Called Strike 2-1: Foul Ball, location: 2F 2-2: Foul Ball, location: 2F 2-2: Grounds into double play, 6-4-3 (Groundball, 6M)
|
Batting: RHB Lane McCool
|
0-0: Ball 1-0: Ball 2-0: Foul Ball, location: 2F 2-1: Ground out 6-3 (Groundball, 6)
|
Top of the 2nd over - 0 runs, 1 hit, 0 errors, 0 left on base; Chicago 0 - Seattle 0 |
BOTTOM OF THE 2ND |
Seattle Aviators batting - Pitching for Chicago Hawks : LHP Miguel López
|
Batting: RHB Albert Zamudio
|
0-0: Ground out 5-3 (Groundball, 56S)
|
Batting: RHB Logan Namajunas
|
0-0: Ball 1-0: Ball 2-0: Ball 3-0: Base on Balls
|
Batting: RHB Seon-keun Kim
|
0-0: Called Strike 0-1: Ball 1-1: Foul Ball, location: 2F 1-2: Strikes out swinging
|
Batting: LHB Kenny Webster
|
0-0: Ball 1-0: Ball Logan Namajunas steals 2nd base 2-0: Ground out 4-3 (Groundball, 4)
|
Bottom of the 2nd over - 0 runs, 0 hits, 0 errors, 1 left on base; Chicago 0 - Seattle 0 |
TOP OF THE 3RD |
Chicago Hawks batting - Pitching for Seattle Aviators : RHP José Lucero
|
Batting: LHB Errol Levick
|
0-0: Foul Ball, location: 2F 0-1: Swinging Strike 0-2: Ball 1-2: Ball 2-2: Foul Ball, location: 2F 2-2: Ground out U3 (Groundball, 3)
|
Batting: RHB Reg Spiers
|
0-0: Called Strike 0-1: Ball 1-1: SINGLE (Line Drive, 8LS)
|
Batting: RHB Tevin McTevin
|
0-0: Swinging Strike 0-1: Foul Ball, location: 2F 0-2: Strikes out swinging
|
Batting: RHB Jorge Salgado
|
0-0: Fly out, F9 (Flyball, 9)
|
Top of the 3rd over - 0 runs, 1 hit, 0 errors, 1 left on base; Chicago 0 - Seattle 0 |
BOTTOM OF THE 3RD |
Seattle Aviators batting - Pitching for Chicago Hawks : LHP Miguel López
|
Batting: RHB Lester Kwiatkowski
|
0-0: Ball 1-0: Ball 2-0: Called Strike 2-1: Called Strike 2-2: SINGLE (Line Drive, 4MD)
|
Batting: LHB Pedro Corona
|
0-0: Ball 1-0: Ball 2-0: Called Strike 2-1: Foul Ball, location: 2F 2-2: Foul Ball, location: 2F 2-2: Ball 3-2: Base on Balls Lester Kwiatkowski to second
|
Batting: SHB Nuygen Vuong
|
0-0: Called Strike 0-1: Grounds into double play, 6-4-3 (Groundball, 6) Lester Kwiatkowski to third
|
Batting: RHB Alfredo Méndez
|
0-0: Called Strike 0-1: Called Strike 0-2: Ground out 4-3 (Groundball, 4)
|
Bottom of the 3rd over - 0 runs, 1 hit, 0 errors, 1 left on base; Chicago 0 - Seattle 0 |
TOP OF THE 4TH |
Chicago Hawks batting - Pitching for Seattle Aviators : RHP José Lucero
|
Batting: LHB Jeff Simpson
|
0-0: Called Strike 0-1: Ball 1-1: Ball 2-1: Fly out, F9 (Flyball, 9D)
|
Batting: LHB Scott Janousek
|
0-0: Swinging Strike 0-1: Hit by Pitch
|
Batting: RHB Cam MacIntosh
|
0-0: Ball 1-0: Ground out 4-3 (Groundball, 4S) Scott Janousek to second
|
Batting: RHB Paddy Hodnett
|
0-0: Ground out 4-3 (Groundball, 4)
|
Top of the 4th over - 0 runs, 0 hits, 0 errors, 1 left on base; Chicago 0 - Seattle 0 |
BOTTOM OF THE 4TH |
Seattle Aviators batting - Pitching for Chicago Hawks : LHP Miguel López
|
Batting: RHB John Downing
|
0-0: Ball 1-0: Ball 2-0: Foul Ball, location: 2F 2-1: Ball 3-1: Base on Balls
|
Batting: RHB Albert Zamudio
|
0-0: Swinging Strike 0-1: Foul Ball, location: 2F 0-2: Fly out, F8 (Flyball, 8RS)
|
Batting: RHB Logan Namajunas
|
0-0: Ball 1-0: Called Strike 1-1: Swinging Strike 1-2: Strikes out swinging
|
Batting: RHB Seon-keun Kim
|
0-0: Ball 1-0: Called Strike 1-1: Ball 2-1: Foul Ball, location: 2F 2-2: Strikes out swinging
|
Bottom of the 4th over - 0 runs, 0 hits, 0 errors, 1 left on base; Chicago 0 - Seattle 0 |
TOP OF THE 5TH |
Chicago Hawks batting - Pitching for Seattle Aviators : RHP José Lucero
|
Batting: RHB Lane McCool
|
0-0: Ball 1-0: Called Strike 1-1: Swinging Strike 1-2: Ground out 6-3 (Groundball, 6)
|
Batting: LHB Errol Levick
|
0-0: Called Strike 0-1: Ball 1-1: Foul Ball, location: 2F 1-2: Ball 2-2: Foul Ball, location: 2F 2-2: Foul Ball, location: 2F 2-2: Ball 3-2: Foul Ball, location: 2F 3-2: Base on Balls
|
Batting: RHB Reg Spiers
|
0-0: Swinging Strike 0-1: Swinging Strike 0-2: SINGLE (Line Drive, 4M) Errol Levick to second
|
Batting: RHB Tevin McTevin
|
0-0: Called Strike 0-1: Ball 1-1: Ball 2-1: Foul Ball, location: 2F 2-2: DOUBLE (Line Drive, 8LD) Errol Levick scores Reg Spiers to third
|
Batting: RHB Jorge Salgado
|
0-0: Called Strike 0-1: Ball 1-1: Foul Ball, location: 2F 1-2: SINGLE (Groundball, 56) Reg Spiers scores Tevin McTevin to third
|
Batting: LHB Jeff Simpson
|
0-0: Called Strike 0-1: Called Strike 0-2: Ball 1-2: Fly out, F7 (Flyball, 78D) Runner from 3rd tags up, SCORES, no throw
|
Batting: LHB Scott Janousek
|
0-0: Ball 1-0: Called Strike 1-1: Ball 2-1: Ball Jorge Salgado steals 2nd base 3-1: Intentional Walk
|
Batting: RHB Cam MacIntosh
|
0-0: Ball 1-0: Foul Ball, location: 2F 1-1: Ball 2-1: Foul Ball, location: 2F 2-2: Ball 3-2: Base on Balls Jorge Salgado to third Scott Janousek to second
|
Batting: RHB Paddy Hodnett
|
0-0: Ball 1-0: Ball 2-0: Called Strike 2-1: Foul Ball, location: 2F 2-2: Ball 3-2: Fly out, F8 (Line Drive, 8LD)
|
Top of the 5th over - 3 runs, 3 hits, 0 errors, 3 left on base; Chicago 3 - Seattle 0 |
BOTTOM OF THE 5TH |
Seattle Aviators batting - Pitching for Chicago Hawks : LHP Miguel López
|
Batting: LHB Kenny Webster
|
0-0: Ball 1-0: Called Strike 1-1: Ball 2-1: Ground out 5-3 (Groundball, 5S)
|
Batting: RHB Lester Kwiatkowski
|
0-0: Fly out, F8 (Flyball, 8LXD)
|
Batting: LHB Pedro Corona
|
0-0: Ground out U3 (Groundball, 3)
|
Bottom of the 5th over - 0 runs, 0 hits, 0 errors, 0 left on base; Chicago 3 - Seattle 0 |
TOP OF THE 6TH |
Chicago Hawks batting - Pitching for Seattle Aviators : RHP José Lucero
|
Batting: RHB Lane McCool
|
0-0: DOUBLE (Line Drive, 9LD)
|
Batting: LHB Errol Levick
|
0-0: Ball 1-0: Foul Ball, location: 2F 1-1: Foul Ball, location: 2F 1-2: Strikes out looking
|
Batting: RHB Reg Spiers
|
0-0: Called Strike 0-1: Ball 1-1: Swinging Strike 1-2: Foul Ball, location: 2F 1-2: Strikes out swinging
|
Batting: RHB Tevin McTevin
|
0-0: Ball 1-0: SINGLE (Line Drive, 7LS) Lane McCool to third Runner from 3rd tries for Home, SAFE, throw made home
|
Batting: RHB Jorge Salgado
|
0-0: Ball 1-0: SINGLE (Line Drive, 6D) Tevin McTevin to second
|
Batting: LHB Jeff Simpson
|
0-0: Ball 1-0: Called Strike 1-1: DOUBLE (Line Drive, 8RXD) Tevin McTevin scores Jorge Salgado to third
|
Batting: LHB Scott Janousek
|
0-0: Intentional Walk
|
Batting: RHB Cam MacIntosh
|
0-0: Foul Ball, location: 2F 0-1: Fly out, F7 (Flyball, 78S)
|
Top of the 6th over - 2 runs, 4 hits, 0 errors, 3 left on base; Chicago 5 - Seattle 0 |
BOTTOM OF THE 6TH |
Seattle Aviators batting - Pitching for Chicago Hawks : LHP Miguel López
|
Batting: SHB Nuygen Vuong
|
0-0: SINGLE (Groundball, 5D)
|
Batting: RHB Alfredo Méndez
|
0-0: Ball 1-0: Foul Ball, location: 2F 1-1: Ball 2-1: Foul Ball, location: 2F 2-2: Grounds out, U3 (Groundball, 3L)
|
Batting: RHB John Downing
|
0-0: Called Strike 0-1: Fly out, F9 (Flyball, 89XD) Runner from 2nd tags up, SAFE at 3rd, no throw
|
Batting: RHB Albert Zamudio
|
0-0: Ball 1-0: Ball 2-0: Foul Ball, location: 2F 2-1: Called Strike 2-2: DOUBLE (Flyball, 78XD) Nuygen Vuong scores
|
Batting: RHB Logan Namajunas
|
0-0: Swinging Strike 0-1: Ball 1-1: Ball 2-1: SINGLE (Flyball, 7LM) Albert Zamudio to third Runner from 3rd tries for Home, SAFE, throw made home Logan Namajunas to second
|
Batting: RHB Seon-keun Kim
|
0-0: Called Strike 0-1: Ball 1-1: Called Strike 1-2: Foul Ball, location: 2F 1-2: Fly out, F9 (Flyball, 89XD)
|
Bottom of the 6th over - 2 runs, 3 hits, 0 errors, 1 left on base; Chicago 5 - Seattle 2 |
TOP OF THE 7TH |
Chicago Hawks batting - Pitching for Seattle Aviators : RHP José Lucero
|
Batting: RHB Paddy Hodnett
|
0-0: Ball 1-0: Foul Ball, location: 2F 1-1: Ground out 6-3 (Groundball, 6)
|
Batting: RHB Lane McCool
|
0-0: Foul Ball, location: 2F 0-1: Ball 1-1: Ball 2-1: SINGLE (Groundball, 6MD)
|
Batting: LHB Errol Levick
|
0-0: Foul Ball, location: 2F 0-1: Swinging Strike 0-2: Foul Ball, location: 2F 0-2: Foul Ball, location: 2F 0-2: Ball Wild Pitch! Lane McCool to second 1-2: Ball 2-2: Foul Ball, location: 2F 2-2: Ball 3-2: Foul Ball, location: 2F 3-2: Base on Balls
|
Pitching: RHP Zach Rediker
|
|
Batting: RHB Reg Spiers
|
0-0: Ball 1-0: Ball 2-0: Ball 3-0: Called Strike 3-1: Swinging Strike 3-2: Grounds into double play, 6-4-3 (Groundball, 6)
|
Top of the 7th over - 0 runs, 1 hit, 0 errors, 1 left on base; Chicago 5 - Seattle 2 |
BOTTOM OF THE 7TH |
Seattle Aviators batting - Pitching for Chicago Hawks : LHP Miguel López
|
Batting: LHB Kenny Webster
|
0-0: Ball 1-0: Called Strike 1-1: Ball 2-1: Swinging Strike 2-2: Foul Ball, location: 2F 2-2: Foul Ball, location: 2F 2-2: Ground out 3-1 (Groundball, 34S)
|
Batting: RHB Lester Kwiatkowski
|
0-0: Ball 1-0: Ball 2-0: Ball 3-0: Called Strike 3-1: Ground out 4-3 (Groundball, 4S)
|
Batting: LHB Pedro Corona
|
0-0: Called Strike 0-1: Ball 1-1: Ball 2-1: Fly out, F5 (Popup, 5SF)
|
Bottom of the 7th over - 0 runs, 0 hits, 0 errors, 0 left on base; Chicago 5 - Seattle 2 |
TOP OF THE 8TH |
Chicago Hawks batting - Pitching for Seattle Aviators : RHP Zach Rediker
|
Batting: RHB Tevin McTevin
|
0-0: Foul Ball, location: 2F 0-1: DOUBLE (Line Drive, 9)
|
Pinch Runner at 2nd Raúl Aguirre:
|
|
Batting: RHB Jorge Salgado
|
0-0: Ball 1-0: Ball 2-0: Called Strike 2-1: Hit by Pitch
|
Batting: LHB Jeff Simpson
|
0-0: Called Strike 0-1: Foul Ball, location: 2F 0-2: DOUBLE (Line Drive, 9LD) Raúl Aguirre scores Jorge Salgado to third Runner from 3rd tries for Home, SAFE, throw made at trailing runner, OUT at third!
|
Batting: LHB Scott Janousek
|
0-0: DOUBLE (Flyball, 8LXD)
|
Batting: RHB Cam MacIntosh
|
0-0: Foul Ball, location: 2F 0-1: Ball 1-1: Ball 2-1: Swinging Strike 2-2: Foul Ball, location: 2F 2-2: Ball 3-2: Ground out 3-1 (Groundball, 34S) Scott Janousek to third
|
Batting: RHB Paddy Hodnett
|
0-0: Ball 1-0: SINGLE (Flyball, 8RS) Scott Janousek scores
|
Batting: RHB Lane McCool
|
0-0: Ball 1-0: Foul Ball, location: 2F 1-1: Ball 2-1: Fly out, F4 (Popup, 34D)
|
Top of the 8th over - 3 runs, 4 hits, 0 errors, 1 left on base; Chicago 8 - Seattle 2 |
BOTTOM OF THE 8TH |
Seattle Aviators batting - Pitching for Chicago Hawks : LHP Miguel López
|
Pitching: RHP Olegário Pa
|
|
Now in CF: Raúl Aguirre
|
|
Batting: SHB Nuygen Vuong
|
0-0: Ball 1-0: Ball 2-0: Reached on error, E5 (Groundball, 2L)
|
Batting: RHB Alfredo Méndez
|
0-0: Called Strike 0-1: Ball 1-1: Fly out, F9 (Flyball, 8RS)
|
Batting: RHB John Downing
|
0-0: Ball 1-0: Swinging Strike 1-1: Foul Ball, location: 2F 1-2: Foul Ball, location: 2F 1-2: SINGLE (Flyball, 78S) Nuygen Vuong to second
|
Batting: RHB Albert Zamudio
|
0-0: Grounds into double play, 5-4-3 (Groundball, 56)
|
Bottom of the 8th over - 0 runs, 1 hit, 1 error, 1 left on base; Chicago 8 - Seattle 2 |
TOP OF THE 9TH |
Chicago Hawks batting - Pitching for Seattle Aviators : RHP Zach Rediker
|
Pitching: LHP Holden Rosen Grupp
|
|
Batting: LHB Errol Levick
|
0-0: Ball 1-0: Ball 2-0: Swinging Strike 2-1: Fly out, F8 (Flyball, 8RM)
|
Batting: RHB Reg Spiers
|
0-0: Ground out 3-1 (Groundball, 34)
|
Batting: LHB Raúl Aguirre
|
0-0: Swinging Strike 0-1: Ball 1-1: Called Strike 1-2: Strikes out looking
|
Top of the 9th over - 0 runs, 0 hits, 0 errors, 0 left on base; Chicago 8 - Seattle 2 |
BOTTOM OF THE 9TH |
Seattle Aviators batting - Pitching for Chicago Hawks : RHP Olegário Pa
|
Batting: RHB Logan Namajunas
|
0-0: Called Strike 0-1: Swinging Strike 0-2: Ball 1-2: Fly out, F7 (Flyball, 7LM)
|
Batting: RHB Seon-keun Kim
|
0-0: Foul Ball, location: 2F 0-1: Foul Ball, location: 2F 0-2: Foul Ball, location: 2F 0-2: Ball 1-2: Foul Ball, location: 2F 1-2: Strikes out swinging
|
Batting: LHB Kenny Webster
|
0-0: Ball 1-0: Ball 2-0: Foul Ball, location: 2F 2-1: Ball 3-1: Ground out 4-3 (Groundball, 34D)
|
Bottom of the 9th over - 0 runs, 0 hits, 0 errors, 0 left on base; Chicago 8 - Seattle 2 |
|